 Dungeon Crawl Stone Soup version 0.29-a0-817-g9904bce7a6 (webtiles) character file.

Game seed: 14797627102426513258

2373 pericles the Blocker (level 9, -5/74 HPs)
             Began as a Gnoll Fighter on July 6, 2022.
             Was an Initiate of Trog.
             Slain by an ancient zyme (15 damage)
             ... on level 2 of the Abyss.
             The game lasted 00:32:17 (6530 turns).

pericles the Blocker (Gnoll Fighter)                Turns: 6530, Time: 00:32:17

Health: -5/74      AC: 15    Str: 18    XL:     9   Next: 45%
Magic:  15/15      EV: 11    Int: 13    God:    Trog [......]
Gold:   226        SH:  0    Dex: 10    Spells: 16/16 levels left

rFire   . . .      SeeInvis .   k - +5 quarterstaff (chaos)
rCold   . . .      Faith    .   (shield currently unavailable)
rNeg    + . .      Spirit   .   b - +1 scale mail
rPois   .          Reflect  .   d - +2 helmet
rElec   .          Harm     .   l - +2 cloak
rCorr   .          Rampage  .   (no gloves)
Will    .....                   (no boots)
Stlth   +.........              (no amulet)
HPRegen 0.00/turn               m - ring of positive energy
MPRegen 0.14/turn               (no ring)

@: about to teleport, sick, hasted, very quick
A: fangs 1, strong nose, distributed training, clever 1
a: Renounce Religion


You were on level 2 of the Abyss.
You worshipped Trog.
Trog was noncommittal.
You visited 2 branches of the dungeon, and saw 6 of its levels.
You visited the Abyss 1 time.

You collected 226 gold pieces.

Inventory:

Hand Weapons
 k - a +5 quarterstaff of chaos (weapon)
 o - a +1 vorpal mace
 r - a +4 rapier of speed
 x - a +1 whip of freezing
 z - a +2 hand axe of freezing
Missiles
 A - 3 boomerangs of dispersal (quivered)
Armour
 b - a +1 scale mail (worn)
 c - a +0 buckler
 d - a +2 helmet (worn)
 g - a scarf of resistance
 l - a +2 cloak (worn)
 q - a +0 leather armour of willpower
 v - the +1 robe of Toalylarph {Int+3}
   (You found it on level 4 of the Dungeon)

   Int:       It affects your intelligence (+3).
Magical Staves
 p - a staff of cold
Jewellery
 m - a ring of positive energy (left hand)
Wands
 h - a wand of flame (6)
 s - a wand of digging (1)
 w - a wand of acid (6)
 C - a wand of charming (9)
Scrolls
 a - a scroll of immolation
 j - a scroll of identify
 t - 2 scrolls of vulnerability
 y - a scroll of teleportation
Potions
 e - 2 potions of brilliance
 f - 2 potions of degeneration
 n - 2 potions of flight


   Skills:
 + Level 8.0 Fighting
 + Level 4.4 Short Blades
 + Level 6.4 Long Blades
 + Level 4.4 Axes
 + Level 4.4 Maces & Flails
 + Level 4.4 Polearms
 + Level 4.4 Staves
 + Level 4.4 Ranged Weapons
 + Level 4.4 Throwing
 + Level 8.0 Armour
 + Level 4.4 Dodging
 + Level 4.4 Stealth
 + Level 8.0 Shields
 + Level 4.4 Unarmed Combat
 + Level 4.4 Spellcasting
 + Level 3.6 Conjurations
 + Level 3.6 Hexes
 + Level 3.6 Summonings
 + Level 3.6 Necromancy
 + Level 3.6 Translocations
 + Level 3.6 Transmutations
 + Level 3.6 Fire Magic
 + Level 3.6 Ice Magic
 + Level 3.6 Air Magic
 + Level 3.6 Earth Magic
 + Level 3.6 Poison Magic
 + Level 4.9 Invocations
 + Level 4.4 Evocations


You had 16 spell levels left.
You didn't know any spells.
Your spell library contained the following spells:

 Spells                   Type           Power      Damage    Failure   Level
 Stone Arrow              Conj/Erth      24%        3d8       34%         3
 Animate Armour           Summ/Erth      24%        N/A       75%         4
 Animate Dead             Necr           12%        N/A       75%         4
 Corpse Rot               Necr/Pois/Air  12%        N/A       75%         4
 Dispel Undead            Necr           12%        3d9       75%         4
 Hailstorm                Conj/Ice       12%        3d5       75%         4
 Ice Form                 Ice/Tmut       12%        N/A       75%         4
 Borgnjor's Vile Clutch   Necr/Erth      6%         N/A       97%         5
 Death Channel            Necr           6%         N/A       100%        6
 Simulacrum               Ice/Necr       6%         N/A       100%        6
 Malign Gateway           Summ/Tloc      6%         N/A       100%        7
 Lehudib's Crystal Spear  Conj/Erth      6%         10d3      100%        8
 Summon Horrible Things   Summ           6%         N/A       100%        8


Dungeon Overview and Level Annotations

Branches:
Dungeon (5/15)             Temple (1/1) D:5

Altars:
Ashenzari
Cheibriados
Dithmenos
Elyvilon
Fedhas
Gozag
Hepliaklqana
Kikubaaqudgha
Nemelex Xobeh
Okawaru
Qazlal
Ru
Sif Muna
Trog
Uskayaw
Vehumet
Xom
Yredelemnul
The Shining One
Lugonu


Innate Abilities, Weirdness & Mutations

You have very sharp teeth.
Your uncanny sense of smell can sniff out nearby items.
Your experience applies equally to all skills.
Your mind is acute. (Int +4, Str/Dex -1)


Message History

You kill the chaos spawn!
Trog accepts your kill.
The chaos spawn degenerates into a cloud of primal chaos!
Your Fighting skill increases to level 8!
Your Armour skill increases to level 8!
Your Shields skill increases to level 8!
Unknown command.
You feel ill.
You completely miss the ancient zyme. The ancient zyme barely misses you. x2
You sock the ancient zyme!
The ancient zyme is moderately damaged.
The ancient zyme closely misses you. The ancient zyme hits you!
You feel ill.
You hit the ancient zyme but do no damage.
The ancient zyme flickers and vanishes!
Deactivating autopickup; reactivate with Ctrl-A.
Something hits you! Something hits you.
No target in view!
You hit something. You freeze something.
Something hits you but does no damage. x2
You hit something. You burn something.
Something hits you but does no damage. x2
You hit something but do no damage. Something hits you! x2
You sock something!
Nothing appears to happen.
You bite something. Something hits you! Something hits you.
You are too injured to fight recklessly!
You feel yourself speed up. Something hits you. Something hits you!
* * * LOW HITPOINT WARNING * * *
As you read the scroll of teleportation, it crumbles to dust.
You feel strangely unstable.
You feel the power of the Abyss delaying your translocation!
There is a strange disturbance nearby!
Blink to where?
Press: ? - help, Dir - move target
As you read the scroll of blinking, it crumbles to dust.
There is a strange disturbance nearby!
You start resting.
A smoke demon comes into view.
You start resting.
A smoke demon is nearby!
You start resting.
Something hits you!
You die...

. . .# .. #... ... ..
. ..##..# 3.##.. . .
.. ...... ..... . ...
..... .... # .##. .
#..##..# ..# . ..
###..##..##..##..##...
#. ................# #
.# . ........@........
###.
..##..##..##..##... #
. ...##..##..##..##.
.## ................
######....#.....#.....
≈≈.#≈# ##...###...## .
#.#. #..... .... ##.
................ ≈≈
#..≈............. .


There were no monsters in sight!

Vanquished Creatures
  Pikel (D:5)
  Sigmund (D:5)
  Eustachio (D:4)
  A chaos spawn (Abyss:2)
  Menkaure (D:4)
  An ice beast (D:5)
  3 ogres (D:5)
  2 phantoms (D:5)
  A lemure (D:5)
  3 scorpions (D:5)
  A necrophage (D:5)
  A vampire bat (D:5)
  3 jellies
  Crazy Yiuf (D:2)
  5 hounds
  An orc priest (D:5)
  Terence (D:3)
  4 iguanas (D:5)
  Robin (D:4)
  4 adders
  A gnoll (D:1)
  2 shadow imps (D:5)
  2 white imps (D:5)
  4 worms
  4 orcs (D:5)
  5 endoplasms
  2 giant cockroaches
  9 goblins
  7 hobgoblins
  3 jackals (D:1)
  4 quokkas
  4 ball pythons
  17 bats
  5 frilled lizards
  9 kobolds
  5 rats
120 creatures vanquished.

Vanquished Creatures (others)
  2 plants (D:1)
2 creatures vanquished.

Grand Total: 122 creatures vanquished

Notes
Turn   | Place    | Note
-------+----------+-------------------------------------------
     0 | D:1      | pericles the Gnoll Fighter began the quest for the Orb.
     0 | D:1      | Reached XP level 1. HP: 23/23 MP: 1/1
   164 | D:1      | Reached XP level 2. HP: 19/29 MP: 2/2
   490 | D:1      | Reached XP level 3. HP: 24/35 MP: 3/3
   708 | D:1      | Found Goosot's Magic Scroll Shoppe.
   941 | D:1      | Reached skill level 1 in Invocations
  1680 | D:2      | Found a runed translucent door.
  1681 | D:2      | Noticed Crazy Yiuf
  1690 | D:2      | Paralysed by Crazy Yiuf for 4 turns
  1697 | D:2      | Killed Crazy Yiuf
  1698 | D:2      | Reached skill level 1 in Short Blades
  1698 | D:2      | Reached skill level 1 in Axes
  1698 | D:2      | Reached skill level 1 in Maces & Flails
  1698 | D:2      | Reached skill level 1 in Polearms
  1698 | D:2      | Reached skill level 1 in Staves
  1698 | D:2      | Reached skill level 1 in Ranged Weapons
  1698 | D:2      | Reached skill level 1 in Throwing
  1698 | D:2      | Reached skill level 1 in Dodging
  1698 | D:2      | Reached skill level 1 in Stealth
  1698 | D:2      | Reached skill level 1 in Unarmed Combat
  1698 | D:2      | Reached skill level 1 in Spellcasting
  1698 | D:2      | Reached skill level 1 in Evocations
  1698 | D:2      | Reached XP level 4. HP: 41/41 MP: 5/5
  2274 | D:2      | Noticed Natasha
  2279 | D:2      | Noticed Natasha
  2279 | D:2      | Natasha changed into Natasha the hound
  2281 | D:2      | Killed Natasha the hound
  2282 | D:2      | Reached skill level 1 in Conjurations
  2282 | D:2      | Reached skill level 1 in Hexes
  2282 | D:2      | Reached skill level 1 in Summonings
  2282 | D:2      | Reached skill level 1 in Necromancy
  2282 | D:2      | Reached skill level 1 in Translocations
  2282 | D:2      | Reached skill level 1 in Transmutations
  2282 | D:2      | Reached skill level 1 in Fire Magic
  2282 | D:2      | Reached skill level 1 in Ice Magic
  2282 | D:2      | Reached skill level 1 in Air Magic
  2282 | D:2      | Reached skill level 1 in Earth Magic
  2282 | D:2      | Reached skill level 1 in Poison Magic
  2344 | D:2      | Found a faded altar of an unknown god.
  2356 | D:2      | Prayed at the altar of an unknown god.
  2356 | D:2      | Became a worshipper of Lugonu the Unformed
  2356 | D:2      | Reached * piety under Lugonu
  2356 | D:2      | Reached ** piety under Lugonu
  2611 | D:3      | Reached XP level 5. HP: 42/47 MP: 7/7
  2658 | D:3      | Found a sacrificial altar of Ru.
  2689 | D:3      | Noticed Terence
  2697 | D:3      | Killed Terence
  2933 | D:3      | Gained mutation: Your muscles are strong. (Str +4, Int/Dex
                  | -1) [potion of mutation]
  2933 | D:3      | Lost mutation: Your muscles are strong. (Str +4, Int/Dex
                  | -1) [potion of mutation]
  2933 | D:3      | Gained mutation: Your mind is acute. (Int +4, Str/Dex -1)
                  | [potion of mutation]
  3245 | D:4      | Noticed Robin
  3256 | D:4      | Killed Robin
  3256 | D:4      | Reached *** piety under Lugonu
  3338 | D:4      | Noticed Menkaure
  3353 | D:4      | Killed Menkaure
  3354 | D:4      | Reached skill level 5 in Long Blades
  3354 | D:4      | Reached XP level 6. HP: 7/53 MP: 7/9
  4138 | D:4      | Noticed Eustachio
  4147 | D:4      | Killed Eustachio
  4148 | D:4      | Reached XP level 7. HP: 60/60 MP: 10/10
  4596 | D:4      | Identified the +1 robe of Toalylarph {Int+3}
  4919 | D:5      | Entered Level 5 of the Dungeon
  5002 | D:5      | Noticed Pikel
  5018 | D:5      | Killed Pikel
  5019 | D:5      | Reached XP level 8. HP: 29/67 MP: 10/12
  6000 | D:5      | Noticed Sigmund
  6009 | D:5      | Killed Sigmund
  6010 | D:5      | Reached XP level 9. HP: 73/73 MP: 14/14
  6151 | D:5      | Reached **** piety under Lugonu
  6195 | D:5      | Found a staircase to the Ecumenical Temple.
  6249 | Temple   | Entered the Ecumenical Temple
  6361 | Temple   | Fell from the grace of Lugonu
  6361 | Temple   | Became a worshipper of Trog the Wrathful
  6419 | D:5      | Noticed a thrashing horror
  6419 | Abyss:1  | Cast into level 1 of the Abyss (Lugonu's touch)
  6436 | Abyss:1  | Noticed a thrashing horror
  6436 | Abyss:1  | Noticed a thrashing horror
  6497 | Abyss:2  | Noticed an ancient zyme
  6521 | Abyss:2  | Noticed a smoke demon
  6530 | Abyss:2  | Slain by an ancient zyme

Illustrated notes

Levels and vault maps discovered:
D:1:      mrwooster_arrival_statue, layout_loops_corners, serial_forest,
          infiniplex_forest_clump_tiny, infiniplex_forest_clump_small,
          infiniplex_forest_clump_cross, infiniplex_forest_clump_double,
          infiniplex_forest_clump_small, infiniplex_forest_clump_diagonal,
          serial_shops, nicolae_shop_waterfront
D:2:      layout_loops_ring, hellmonk_ecumenical_altar_run_dry,
          uniq_crazy_yiuf_cottage, uniq_natasha
D:3:      cheibrodos_helix_gallery, layout_rooms,
          nicolae_ru_sacrificial_ziggurat, uniq_terence
D:4:      layout_basic, uniq_robin, uniq_eustachio, uniq_menkaure
D:5:      minmay_thinvault, layout_basic, minmay_temple_entry_drinking_statues,
          serial_rivers, chequers_serial_rivers_micro_a,
          chequers_serial_rivers_micro_b, chequers_serial_rivers_large_b,
          chequers_serial_rivers_marsh, chequers_serial_rivers_large_a,
          roderic_batcave, uniq_pikel, uniq_sigmund
Temple:   dpeg_three_leaves_temple
Abyss:2:  base: D:4, hangedman_abyss_or_decor_lesser_grid

Skill      XL: |  1  2  3  4  5  6  7  8  9 |
---------------+----------------------------+-----
Invocations    | 1 2 3 4 |  4.9
Short Blades   | 1 2 3 4 |  4.4
Axes           | 1 2 3 4 |  4.4
Maces & Flails | 1 2 3 4 |  4.4
Polearms       | 1 2 3 4 |  4.4
Staves         | 1 2 3 4 |  4.4
Ranged Weapons | 1 2 3 4 |  4.4
Throwing       | 1 2 3 4 |  4.4
Dodging        | 1 2 3 4 |  4.4
Stealth        | 1 2 3 4 |  4.4
Unarmed Combat | 1 2 3 4 |  4.4
Spellcasting   | 1 2 3 4 |  4.4
Evocations     | 1 2 3 4 |  4.4
Conjurations   | 1 2 3 |  3.6
Hexes          | 1 2 3 |  3.6
Summonings     | 1 2 3 |  3.6
Necromancy     | 1 2 3 |  3.6
Translocations | 1 2 3 |  3.6
Transmutations | 1 2 3 |  3.6
Fire Magic     | 1 2 3 |  3.6
Ice Magic      | 1 2 3 |  3.6
Air Magic      | 1 2 3 |  3.6
Earth Magic    | 1 2 3 |  3.6
Poison Magic   | 1 2 3 |  3.6
Long Blades    | 5 6 |  6.4
Fighting       | 7 8 |  8.0
Armour         | 7 8 |  8.0
Shields        | 7 8 |  8.0

Action                   |  1- 3 |  4- 6 |  7- 9 || total
-------------------------+-------+-------+-------++-------
Melee: Long sword        |    91 |       |       ||    91
       Bite              |     6 |     7 |    21 ||    34
       Quarterstaff      |       |    85 |   182 ||   267
  Use: Scroll            |     3 |     3 |     8 ||    14
       Potion            |     4 |     7 |     2 ||    13
 Stab: Invisible         |     2 |       |       ||     2
Armor: Scale mail        |    54 |    43 |   112 ||   209
       Skin              |     9 |       |       ||     9
Dodge: Dodged            |    60 |    42 |   112 ||   214
Block: Buckler           |    35 |       |       ||    35

Table legend: (Time is in decaauts)
 A = Elapsed time spent in this place.
 B = Non-inter-level travel time spent in this place.
 C = Inter-level travel time spent in this place.
 D = Time resting spent in this place.
 E = Time spent auto-exploring this place.
 F = Levels seen in this place.
 G = Mean time per level.
                   A        B        C        D        E       F      G
               +--------+--------+--------+--------+--------+-----+--------+
         Total |   6619 |   6537 |     82 |   2135 |   2209 |   8 |  827.4 |
       Dungeon |   6393 |   6311 |     82 |   2130 |   2157 |   5 | 1278.6 |
        Temple |    118 |    118 |      0 |      0 |      0 |   1 |  118.0 |
         Abyss |    107 |    107 |      0 |      5 |     52 |   2 |   53.5 |
               +--------+--------+--------+--------+--------+-----+--------+

Top non-repeatable levels by time:
     D:4: 1719 daAuts
     D:1: 1658 daAuts
     D:5: 1401 daAuts
     D:2: 902 daAuts
     D:3: 712 daAuts
  Temple: 118 daAuts
 Abyss:2: 89 daAuts
 Abyss:1: 17 daAuts
